 Dungeon Crawl Stone Soup version 0.29.1-13-g9f3cf754e1 (webtiles) character file.

Game seed: 13035753497103873888

450 Exodus22XD the Chopper (level 6, -19/55 HPs)
             Began as a Minotaur Fighter on Feb 5, 2023.
             Demolished by an ogre
             ... wielding a +0 giant spiked club
              (20 damage)
             ... on level 4 of the Dungeon.
             The game lasted 00:03:27 (3346 turns).

Exodus22XD the Chopper (Minotaur Fighter)           Turns: 3346, Time: 00:03:27

Health: -19/55     AC: 12    Str: 23    XL:     6   Next: 74%
Magic:  5/5        EV:  7    Int:  5    God:
Gold:   198        SH:  4    Dex:  9    Spells: 5/5 levels left

rFire   . . .      SeeInvis .   a - +0 war axe
rCold   . . .      Faith    .   c - +0 buckler
rNeg    . . .      Spirit   .   i - +0 chain mail
rPois   .          Reflect  .   (helmet restricted)
rElec   .          Harm     .   e - +0 cloak
rCorr   .          Rampage  .   s - +0 pair of gloves
Will    .....                   (no boots)
Stlth   ..........              (no amulet)
HPRegen 0.18/turn               (no ring)
MPRegen 0.09/turn               (no ring)

@: no status effects
A: horns 2, retaliatory headbutt
a: no special abilities


You were on level 4 of the Dungeon.
You visited 1 branch of the dungeon, and saw 4 of its levels.
You also visited: Ossuary.

You collected 198 gold pieces.

Inventory:

Hand Weapons
 a - a +0 war axe (weapon)
 g - a +0 broad axe
 q - a +0 trident
Missiles
 w - a throwing net (quivered)
Armour
 c - a +0 buckler (worn)
 e - a +0 cloak (worn)
 i - a +0 chain mail (worn)
 s - a +0 pair of gloves (worn)
Jewellery
 p - a ring of fire
 u - an amulet of guardian spirit
Wands
 n - a wand of mindburst (19)
Scrolls
 f - 2 scrolls of enchant weapon
 l - 3 scrolls of vulnerability
 o - a scroll of enchant armour
 r - 2 scrolls of teleportation
 t - a scroll of torment {unknown}
 x - 3 scrolls of summoning {unknown}
Potions
 b - 2 potions of resistance {unknown}
 d - a potion of might
 h - 2 potions of attraction {unknown}
 j - 4 potions of curing
 k - 3 potions of ambrosia
 m - a potion of mutation {unknown}
 v - a potion of heal wounds {unknown}
 z - a potion of cancellation {unknown}
 A - a potion of haste {unknown}


   Skills:
 + Level 4.9 Fighting
 + Level 6.3 Axes
 + Level 5.4 Armour
 + Level 4.7 Shields


You had 5 spell levels left.
You didn't know any spells.
Your spell library was empty.

Dungeon Overview and Level Annotations

Branches:
Dungeon (4/15)            Ossuary (visited)
 Temple: D:4-7

Altars:
Dithmenos
Trog
Wu Jian
Xom
Yredelemnul
Zin


Innate Abilities, Weirdness & Mutations

You have a pair of horns on your head.
You reflexively headbutt those who attack you in melee.


Message History

You closely miss the orc. Your headbutt misses the orc.
The orc hits you but does no damage.
There are monsters nearby!
You closely miss the orc. You slash the orc!
You kill the orc!
You closely miss the orc. Your headbutt misses the orc.
The orc barely misses you. The orc hits you with a +0 whip.
You barely miss the orc. You headbutt the orc!
You kill the orc!
You slash the orc!
You kill the orc!
You completely miss the ogre. You block the ogre's attack.
You hit the ogre. You headbutt the ogre.
The ogre is moderately wounded.
The ogre hits you with a +0 giant spiked club!!
You slash the ogre!
The ogre is heavily wounded.
The ogre hits you with a +0 giant spiked club.
Unknown command.
You barely miss the ogre.
The ogre is heavily wounded.
You hit the ogre but do no damage.
The ogre is heavily wounded.
You block the ogre's attack.
You hit the ogre.
The ogre is heavily wounded.
The ogre hits you with a +0 giant spiked club!
* * * LOW HITPOINT WARNING * * *
You barely miss the ogre.
The ogre is heavily wounded.
The ogre closely misses you.
You hit the ogre.
The ogre is severely wounded.
The ogre hits you with a +0 giant spiked club!
* * * LOW HITPOINT WARNING * * *
You hit the ogre.
The ogre is severely wounded.
The ogre hits you with a +0 giant spiked club!!
You die...

#...##### #..#
#######...#
#..######
..........#
#........
###+#####.#####
#.#...... ..$
#.....#
#.#...... ....
#....[#
#.#....## #....
#.....#
#.#.....#
#....#.....#
#<#...#..
#..oO@....#
###...#..
##..#)....#
...# . ##
#...)....
#........
#........
#.###.... #.#
.... #.# ...


You could see an ogre and an orc.

Vanquished Creatures
  An ogre (D:4)
  2 water moccasin zombies (Ossuary)
  An iguana (D:3)
  An orc wizard (D:4)
  3 mummies
  5 adders
  6 adder zombies (Ossuary)
  A dart slug (D:2)
  11 orcs
  4 bats
  7 endoplasms
  A giant cockroach (D:1)
  4 gnoll zombies (Ossuary)
  8 goblins
  3 hobgoblins
  2 jackals (D:3)
  2 quokkas
  8 ball pythons
  3 frilled lizards
  7 hobgoblin zombies (Ossuary)
  5 kobolds
  5 kobold zombies (Ossuary)
  5 orc zombies (Ossuary)
  5 rats
100 creatures vanquished.

Notes
Turn   | Place    | Note
-------+----------+-------------------------------------------
     0 | D:1      | Exodus22XD the Minotaur Fighter began the quest for the
                  | Orb.
     0 | D:1      | Reached XP level 1. HP: 19/19 MP: 0/0
   255 | D:1      | Reached XP level 2. HP: 27/27 MP: 1/1
   845 | D:2      | Reached XP level 3. HP: 33/33 MP: 2/2
   984 | D:2      | Reached skill level 3 in Axes
  1429 | D:3      | Reached XP level 4. HP: 40/40 MP: 3/3
  1841 | D:3      | Reached skill level 4 in Axes
  1872 | D:3      | Found a bloodstained altar of Trog.
  2074 | D:3      | Found a faded altar of an unknown god.
  2402 | D:3      | Found a basalt altar of Yredelemnul.
  2405 | D:3      | Reached XP level 5. HP: 46/47 MP: 4/4
  2407 | D:3      | Found an ornate altar of the Wu Jian Council.
  2409 | D:3      | Found a shimmering altar of Xom.
  2422 | D:3      | Found a shadowy altar of Dithmenos.
  2425 | D:3      | Found a glowing silver altar of Zin.
  2727 | D:4      | Noticed an ogre
  2731 | D:4      | Killed an ogre
  2732 | D:4      | Reached skill level 5 in Axes
  2732 | D:4      | Reached skill level 5 in Armour
  2872 | D:4      | Found a sand-covered staircase.
  2882 | Ossuary  | Entered an ossuary
  2980 | Ossuary  | Reached XP level 6. HP: 53/53 MP: 5/5
  3089 | Ossuary  | Reached skill level 6 in Axes
  3345 | D:4      | HP: 1/55 [ogre/+0 giant spiked club (14)]
  3346 | D:4      | Demolished by an ogre

Illustrated notes

Levels and vault maps discovered:
D:1:      psy_arrival_whirlpool, layout_basic
D:2:      layout_basic
D:3:      cheibrodos_old_hovel, layout_basic, minmay_overflow_temple_star_hex,
          nicolae_overflow_crystal_walls, hellmonk_ecumenical_altar_slurped_away
D:4:      layout_basic, dancing_weapons_uskayaw, gup_ossuary_entry_pyramid,
          minmay_quadrilaterals

Skill      XL: |  1  2  3  4  5  6 |
---------------+-------------------+-----
Armour         | 4 5 |  5.4
Fighting       | 4 |  4.9
Shields        | 4 |  4.7
Axes           | 3 4 5 6 |  6.3

Action                   |  1- 3 |  4- 6 || total
-------------------------+-------+-------++-------
Melee: War axe           |    84 |   152 ||   236
       Headbutt          |     9 |    27 ||    36
  Use: Scroll            |       |     7 ||     7
Armor: Scale mail        |     8 |       ||     8
       Chain mail        |    46 |    81 ||   127
Dodge: Dodged            |    21 |    39 ||    60
Block: Buckler           |    18 |    32 ||    50
